 Dungeon Crawl Stone Soup version 0.31-a0-214-gb37851dbb3 (webtiles) character file.

Game seed: 17160331950252647919

83 qw the Shooter (level 4, -4/26 HPs)
             Began as a Gargoyle Hexslinger on June 30, 2023.
             Slain by a goblin
             ... wielding a +0 club
             ... led by Robin
              (5 damage)
             ... on level 2 of the Dungeon.
             The game lasted 00:00:28 (1339 turns).

qw the Shooter (Gargoyle Hexslinger)                Turns: 1339, Time: 00:00:29

Health: -4/26      AC:  5    Str: 12    XL:     4   Next: 44%
Magic:  5/5        EV: 12    Int: 13    God:
Gold:   41         SH:  0    Dex: 14    Spells: 4/5 levels left

rFire   . . .        Y - +1 sling
rCold   . . .        (no shield)
rNeg    + . .        c - +0 robe
rPois   inf          (no helmet)
rElec   +            (no cloak)
rCorr   .            (no gloves)
SInv    .            (no boots)
Will    .....        (no amulet)
Stlth   +            (no ring)
HPRegen 0.24/turn    (no ring)
MPRegen 0.09/turn

%: no passive effects
@: no status effects
A: sickness immunity, AC +3, negative energy resistance 1, electricity
resistance, torment resistance 1, petrification resistance
a: no special abilities


You were on level 2 of the Dungeon.
You visited 1 branch of the dungeon, and saw 2 of its levels.

You collected 41 gold pieces.


Innate Abilities, Weirdness & Mutations

You are immune to sickness and miasma.
Your stone body is resilient. (AC +3)
You are immune to poison.
You resist negative energy. (rN+)
You are resistant to electric shocks. (rElec)
You are resistant to unholy torment.
You are immune to petrification.


   Skills:
 - Level 2.0 Fighting
 + Level 4.2 Ranged Weapons
 - Level 1.5 Dodging
 - Level 1.0 Spellcasting
 - Level 2.6 Hexes


You had 4 spell levels left.
You knew the following spells:

 Your Spells              Type           Power      Damage    Failure   Level
a - Slow                  Hex            28%        N/A       10%         1

Your spell library contained the following spells:

 Spells                   Type           Power      Damage    Failure   Level
 Inner Flame              Hex/Fire       4%         N/A       43%         3
 Portal Projectile        Hex/Tloc       8%         N/A       43%         3
 Cause Fear               Hex            3%         N/A       67%         4

Inventory:

Hand Weapons
 Y - a +1 sling (weapon)
Armour
 a - a +0 leather armour
 c - a +0 robe (worn)
Scrolls
 b - a scroll of amnesia {unknown}
 d - 2 scrolls of identify
 f - a scroll of fear {unknown}
Potions
 e - a potion of cancellation {unknown}

Dungeon Overview and Level Annotations

Branches:
Dungeon (2/15)

Altars:


Message History

Robin is almost dead.
Robin hits you but does no damage. The goblin hits you but does no damage.
You shoot a sling bullet. The sling bullet closely misses Robin.
The sling bullet hits the goblin.
The goblin is heavily wounded.
The goblin barely misses you. The goblin closely misses you.
Robin hits you with a +0 mace.
You shoot a sling bullet. The sling bullet barely misses Robin.
The sling bullet closely misses the goblin. x3
The sling bullet barely misses the hobgoblin.
The sling bullet barely misses the goblin.
The sling bullet hits the goblin.
You kill the goblin!
The goblin barely misses you.
A goblin comes into view. It is wielding a +0 dagger.
You shoot a sling bullet. The sling bullet hits Robin!
You kill Robin!
The goblin hits you with a +0 club.
You shoot a sling bullet. The sling bullet hits the goblin.
You kill the goblin!
The goblin no longer looks unusually strong.
The goblin hits you with a +0 club.
You shoot a sling bullet.
The sling bullet closely misses the goblin.
The sling bullet hits the goblin.
The goblin is moderately wounded.
The goblin hits you but does no damage. The goblin hits you with a +0 club.
You shoot a sling bullet. The sling bullet hits the goblin!
You kill the goblin!
The goblin barely misses you. x3
You shoot a sling bullet. The sling bullet hits the goblin.
You kill the goblin!
The goblin hits you with a +0 club.
You shoot a sling bullet.
The sling bullet barely misses the hobgoblin.
The sling bullet closely misses the goblin.
The sling bullet completely misses the goblin.
The sling bullet barely misses the goblin.
The goblin hits you with a +0 club.
You die...

#.###..(...# #.#
######.##### #.#
#.....%..# #'##
#.##.###.# ...## #.##.#
#.# ....###.##.###.#
.....##........#
......#..#...#.#########
....)..........g@ggg.)g)
......#........#######.#
......#......#.#
....#.#.###..#.#
...##.#........#
#'###.#####..### #.#
#........#
..#########.## #...# #.#


You could see a hobgoblin (strong) and 4 goblins.

Vanquished Creatures
  Robin (D:2)
  2 adders (D:2)
  A worm (D:2)
  A dart slug (D:2)
  2 endoplasms
  2 giant cockroaches
  10 goblins
  6 hobgoblins
  4 kobolds
  2 quokkas (D:1)
  6 ball pythons
  5 bats
  3 frilled lizards
  A rat (D:2)
46 creatures vanquished.

Notes
Turn   | Place    | Note
-------+----------+-------------------------------------------
     0 | D:1      | qw the Gargoyle Hexslinger began the quest for the Orb.
     0 | D:1      | Reached XP level 1. HP: 12/12 MP: 2/2
     0 | D:1      | 0 ||| qw: Version: 0.3-a-32-g5962c71
     0 | D:1      | 0 ||| qw: Game counter: 7329
     0 | D:1      | 0 ||| qw: Melee chars always use a shield: true
     0 | D:1      | 0 ||| qw: God list: Okawaru
     0 | D:1      | 0 ||| qw: Allow faded altars: false
     0 | D:1      | 0 ||| qw: Do Orc after clearing Dungeon:15 true
     0 | D:1      | 0 ||| qw: Do second Lair branch before Depths: true
     0 | D:1      | 0 ||| qw: Lair rune preference: random
     0 | D:1      | 0 ||| qw: Goals: Normal
     0 | D:1      | 0 ||| PLANNING D:1-11
   208 | D:1      | Reached XP level 2. HP: 16/16 MP: 3/3
   605 | D:1      | Reached skill level 3 in Ranged Weapons
   827 | D:1      | 827 ||| READING scroll labelled RISMYTTU MOUL.
   828 | D:1      | 828 ||| DROPPING scroll of poison.
   926 | D:2      | Reached XP level 3. HP: 21/21 MP: 4/4
  1241 | D:2      | Reached XP level 4. HP: 26/26 MP: 5/5
  1311 | D:2      | Noticed Robin
  1323 | D:2      | Reached skill level 4 in Ranged Weapons
  1334 | D:2      | Killed Robin
  1336 | D:2      | HP: 2/26 [goblin/+0 club[Robin] (6)]
  1339 | D:2      | Slain by a goblin

Levels and vault maps discovered:
D:1:      roderic_crop_circles_arrival_small, layout_loops_corners
D:2:      kennysheep_big_flooded_room, layout_loops_corners, uniq_robin

Skill      XL: |  1  2  3  4 |
---------------+-------------+-----
Ranged Weapons | 3 4 |  4.2
Fighting       | 2 |  2.0
Dodging        | |  1.5
Spellcasting   | |  1.0
Hexes          | |  2.6

Action                     |  1- 3 |  4- 6 || total
---------------------------+-------+-------++-------
   Fire: Sling             |    98 |    36 ||   134
    Use: Scroll            |     1 |       ||     1
 Armour: Robe              |    13 |     9 ||    22
  Dodge: Dodged            |    23 |    17 ||    40

Table legend:
 A = Non-vault XP
 B = Vault XP
 C = Vault XP percentage of total XP
 D = Non-vault monster count
 E = Vault monster count
 F = Vault count percentage of total count
                 A         B        C        D         E       F
            +---------+---------+-------+---------+---------+-------
      Total |      85 |      34 |  28.6 |      35 |      11 |  23.9
            +---------+---------+-------+---------+---------+-------
        D:1 |      25 |       0 |   0.0 |      16 |       0 |   0.0
        D:2 |      60 |      34 |  36.2 |      19 |      11 |  36.7
            +---------+---------+-------+---------+---------+-------
